 Dungeon Crawl Stone Soup version 0.19-a0-944-gb338e1e (webtiles) character file.

236 matakusis the Ducker (level 5, -3/41 HPs)
             Began as a Demonspawn Gladiator on July 9, 2016.
             Slain by Duvessa
             ... wielding a +0 rapier
              (7 damage)
             ... on level 4 of the Dungeon.
             The game lasted 00:06:52 (2412 turns).

matakusis the Ducker (Demonspawn Gladiator)         Turns: 2412, Time: 00:06:53

Health: -3/41      AC:  6    Str: 15    XL:     5   Next: 77%
Magic:  5/5        EV: 14    Int:  9    God:
Gold:   163        SH:  0    Dex: 15    Spells: 0 memorised, 4 levels left

rFire  . . .     SeeInvis .     a - +0 long sword
rCold  . . .     Gourm    .     b - +0 leather armour
rNeg   + . .     Faith    .     (no shield)
rPois  .         Spirit   .     c - +0 helmet
rElec  .         Dismiss  .     (no cloak)
rCorr  .         Reflect  .     (no gloves)
SustAt +         Harm     .     x - +0 pair of boots
MR     .....                    (no amulet)
Stlth  +.........               u - ring of positive energy
                                i - ring of sustain attributes

@: not resistant to hostile enchantments, very unstealthy
A: claws 1, molten scales 1
a: no special abilities


You were on level 4 of the Dungeon.
You were not hungry.

You visited 1 branch of the dungeon, and saw 4 of its levels.

You collected 163 gold pieces.

Inventory:

Hand Weapons
 a - a +0 long sword (weapon)
Missiles
 d - 3 throwing nets (quivered)
Armour
 b - a +0 leather armour (worn)
 c - a +0 helmet (worn)
 x - a +0 pair of boots (worn)
Jewellery
 i - a ring of sustain attributes (left claw)
 r - a +6 ring of intelligence
 u - a ring of positive energy (right claw)
Wands
 p - a wand of confusion (48/48)
Scrolls
 h - 2 scrolls of identify
 k - 2 scrolls of recharging
Potions
 e - a potion of curing
 m - a potion of magic
 o - a potion of flight
 s - a potion of lignification
 v - a potion of brilliance
Comestibles
 f - 3 bread rations
 g - a meat ration
 q - a slice of pizza
 t - a beef jerky


   Skills:
 * Level 3.0 Fighting
 + Level 3.6 Long Blades
 - Level 1.7 Throwing
 + Level 1.5 Armour
 * Level 4.6 Dodging


You had 4 spell levels left.
You didn't know any spells.

Dungeon Overview and Level Annotations

Branches:
Dungeon (4/15)
 Temple: D:4-7

Altars:
Gozag
Qazlal

Annotations:
D:4 Dowan, Duvessa


Innate Abilities, Weirdness & Mutations

You have sharp fingernails.
You are partially covered in molten scales. (AC +1)


Message History

The gnoll is lightly wounded.
You slash the gnoll!
The gnoll is severely wounded.
The gnoll closely misses you.
You riposte.
You closely miss the gnoll.
The gnoll is severely wounded.
Duvessa says, "My weaknesses are his strengths!"
You closely miss the gnoll.
The gnoll is severely wounded.
The gnoll closely misses you.
You riposte.
You hit the gnoll.
You kill the gnoll!
You slash Duvessa!
Duvessa is moderately wounded.
Duvessa hits you with a rapier.
* * * LOW HITPOINT WARNING * * *
The gnoll hits you from afar with a spear.
* * * LOW HITPOINT WARNING * * *
You hit Duvessa but do no damage.
Duvessa is moderately wounded.
Duvessa hits you with a rapier!
You die...

................
#.....eg..#
##.###<#g.#
#h###g#..#
#g....#>.# #+#
#g#####..# #.#
#.# ..#.# #.#
#g#####...).
##.## #.e@....##
##...#####
#.#######
##........# #.#
........#.####.#
####.##........#
#.###########
#.# #.# #.#


You could see Duvessa and a gnoll.

Vanquished Creatures
  The ghost of matakusis the Conjurer, an amateur DECj of Vehumet (D:3)
  A scorpion (D:4)
  A gnoll (D:4)
  5 adders
  3 worms
  A dart slug (D:2)
  A giant gecko (D:3)
  3 orcs (D:3)
  A giant cockroach (D:3)
  3 goblins
  5 hobgoblins
  5 jackals
  3 kobolds (D:3)
  8 bats
  7 giant newts
  4 rats
52 creatures vanquished.

Notes
Turn   | Place    | Note
-------+----------+-------------------------------------------
     0 | D:1      | matakusis the Demonspawn Gladiator began the quest for the Orb.
     0 | D:1      | Reached XP level 1. HP: 16/16 MP: 1/1
   230 | D:1      | Reached skill level 3 in Dodging
   322 | D:1      | Gained mutation: You are partially covered in molten scales. (AC +1) [demonic ancestry]
   322 | D:1      | Reached XP level 2. HP: 22/22 MP: 2/2
   555 | D:2      | Reached XP level 3. HP: 15/27 MP: 3/3
  1092 | D:2      | Found a stormy altar of Qazlal.
  1523 | D:3      | Reached XP level 4. HP: 34/34 MP: 4/4
  1747 | D:3      | Reached skill level 4 in Dodging
  1820 | D:3      | Noticed matakusis's ghost (amateur DECj)
  1833 | D:3      | Killed matakusis's ghost
  1833 | D:3      | Reached skill level 1 in Armour
  1833 | D:3      | Gained mutation: You have sharp fingernails. [demonic ancestry]
  1833 | D:3      | Reached XP level 5. HP: 6/39 MP: 5/5
  2276 | D:4      | Found an opulent altar of Gozag.
  2387 | D:4      | Noticed Duvessa
  2391 | D:4      | Noticed Dowan
  2412 | D:4      | Slain by Duvessa

Vault maps used:
D:1:      scummos_arrival_simple_crosswalls
D:2:      marbit_many_paths
D:3:      first_bread
D:4:      lemuel_round_altar, grunt_gozag_breadcrumbs, uniq_duvessa

Skill      XL: |  1  2  3  4  5 |
---------------+----------------+-----
Dodging        | 3 4 |  4.6
Long Blades    | 3 |  3.6
Armour         | 1 |  1.5
Fighting       | 3 |  3.0
Throwing       | |  1.7

Action                   |  1- 3 |  4- 6 || total
-------------------------+-------+-------++-------
Melee: Long sword        |    99 |   100 ||   199
  Use: Scroll            |       |    13 ||    13
       Potion            |       |     1 ||     1
  Eat: Chunk             |     2 |     3 ||     5
Armor: Leather armour    |    25 |    18 ||    43
Dodge: Dodged            |    58 |    53 ||   111
